 Dungeon Crawl Stone Soup version 0.27.0-1-g7a089689b8 (webtiles) character file.

Game seed: 6858403835638474276

30793 Delamore the Bludgeoner (level 13, -1/72 HPs)
             Began as a Gargoyle Fighter on Aug 11, 2021.
             Was an Initiate of Gozag.
             Killed from afar by a hellion (16 damage)
             ... with damnation
             ... on level 2 of the Abyss.
             The game lasted 00:22:40 (15219 turns).

Delamore the Bludgeoner (Gargoyle Fighter)         Turns: 15219, Time: 00:22:41

Health: -1/72      AC: 37    Str: 29    XL:     13   Next: 54%
Magic:  0/13       EV: 10    Int: 11    God:    Gozag
Gold:   517        SH: 14    Dex:  7    Spells: 9/12 levels left

rFire    x . .     SeeInvis +   a - +0 flail (freeze)
rCold    + + .     Faith    .   c - +0 kite shield
rNeg     + . .     Spirit   +   b - +0 ice dragon scales
rPois    ∞         Reflect  .   g - +0 helmet "Rummoxae" {Regen+ Dex-2 SInv}
rElec    +         Harm     .   i - +2 cloak
rCorr    .         Rampage  .   (no gloves)
Will     .....                  k - +0 pair of boots {Stlth+}
Stlth    ..........             F - amulet of guardian spirit
HPRegen  0.00/turn              p - +6 ring of strength
MPRegen  0.13/turn              n - ring of the Tortoise {AC+8}

@: inhibited regen, studying Armour
A: sickness immunity, AC +9, negative energy resistance 1, electricity
resistance, torment resistance 1, petrification resistance, inhibited
regeneration
a: Renounce Religion, Potion Petition, Call Merchant, Bribe Branch


You were on level 2 of the Abyss.
You worshipped Gozag.
Gozag was pleased with you.
You visited 3 branches of the dungeon, and saw 13 of its levels.
You visited the Abyss 1 time.
You also visited: Bailey.

You collected 4869 gold pieces.
You spent 161 gold pieces at shops.
You donated 83 gold pieces to Zin.
You paid 4108 gold pieces to Gozag.

Inventory:

Hand Weapons
 a - a +0 flail of freezing (weapon)
Missiles
 e - a throwing net
 h - 2 boomerangs of dispersal
 j - a curare-tipped dart
 E - 2 boomerangs (quivered)
Armour
 b - +0 ice dragon scales (worn)
 c - a +0 kite shield (worn)
 g - the +0 helmet "Rummoxae" (worn) {Regen+ Dex-2 SInv}
   (You bought it in a shop on level 12 of the Dungeon)

   Dex:       It affects your dexterity (-2).
   SInv:      It lets you see invisible.
   Regen:     It increases your rate of health regeneration.
 i - a +2 cloak (worn)
 k - a +0 pair of boots of stealth (worn)
Jewellery
 n - the ring of the Tortoise (right hand) {AC+8}
   (You took it off an orc on level 4 of the Dungeon)

   [ring of protection]

   AC:        It affects your AC (+8).
 p - a +6 ring of strength (left hand)
 C - a ring of protection from fire
 F - an amulet of guardian spirit (around neck)
Wands
 B - a wand of flame (12)
 J - a wand of paralysis (11)
 M - a wand of digging (5)
Scrolls
 l - a scroll of enchant weapon {unknown}
 q - a scroll of brand weapon
 r - 2 scrolls of fear
 t - a scroll of magic mapping
 u - a scroll of immolation
 x - 2 scrolls of torment {unknown}
 y - a scroll of teleportation
 D - 2 scrolls of enchant armour
 H - a scroll of noise
 K - a scroll of vulnerability {unknown}
 L - a scroll of fog
 N - a scroll of amnesia {unknown}
Potions
 d - 2 potions of might
 f - 3 potions of haste
 m - a potion of curing
 o - 2 potions of cancellation
 s - 5 potions of lignification
 v - a potion of flight {unknown}
 w - 6 potions of degeneration
 z - a potion of mutation {unknown}
 A - a potion of ambrosia {unknown}
 G - a potion of magic {unknown}
 I - a potion of brilliance {unknown}


   Skills:
 - Level 5.0 Fighting
 - Level 15.0 Maces & Flails
 - Level 10.0 Armour
 - Level 15.0 Shields
 + Level 5.3 Evocations


You had 9 spell levels left.
You knew the following spells:

 Your Spells              Type           Power      Damage    Failure   Level
a - Lesser Beckoning      Tloc           0%         N/A       92%         3

Your spell library contained the following spells:

 Spells                   Type           Power      Damage    Failure   Level
 Gell's Gravitas          Tloc           0%         N/A       92%         3
 Teleport Other           Tloc           0%         N/A       92%         3
 Fireball                 Conj/Fire      0%         3d3       100%        5
 Iskenderun's Battlesphe  Conj           0%         2d6       100%        5
 Conjure Ball Lightning   Conj/Air       0%         3x3d6     100%        6
 Orb of Destruction       Conj           0%         N/A       100%        7


Dungeon Overview and Level Annotations

Branches:
Dungeon (12/15)            Temple (1/1) D:4            Lair (1/6) D:8
 Bailey (visited)
    Orc: D:9-12

Altars:
Ashenzari
Cheibriados
Dithmenos
Gozag
Kikubaaqudgha
Makhleb
Nemelex Xobeh
Okawaru
Qazlal
Ru
Sif Muna
Uskayaw
Vehumet
Wu Jian
Xom
Zin
The Shining One

Shops:
D:4 (   D:7 (   D:12 [(

Annotations:
D:2 Terence


Innate Abilities, Weirdness & Mutations

You are immune to sickness and miasma.
Your stone body is resilient. (AC +9)
You are immune to poison.
You resist negative energy. (rN+)
You are resistant to electric shocks. (rElec)
You are resistant to unholy torment.
You are immune to petrification.
You do not regenerate when monsters are visible.


Message History

The fire giant simulacrum is heavily damaged.
You thump the fire giant simulacrum!
The fire giant simulacrum is severely damaged.
You block the fire giant simulacrum's attack.
You hit the fire giant simulacrum.
The fire giant simulacrum is severely damaged.
You sock the fire giant simulacrum!
The fire giant simulacrum vaporises!
No target in view!
No target in view!
No target in view!
No target in view!
No target in view!
Really walk into that cloud of freezing vapour? [Y]es or [N]o only, please.
Really walk into that cloud of freezing vapour?
Okay, then.
A hellion comes into view.
The hellion gives a hideous shriek!
The hellion gestures at you.
The sphere of damnation explodes!
The damnation engulfs you!! The hellion gestures at you.
The sphere of damnation explodes!
The damnation engulfs you!
You hit the hellion. You freeze the hellion.
The hellion is lightly wounded.
You hit the hellion but do no damage.
The hellion is lightly wounded.
The hellion closely misses you.
You closely miss the hellion.
The hellion is lightly wounded.
The hellion gestures at you.
The sphere of damnation explodes!
The damnation engulfs you!!
* * * LOW HITPOINT WARNING * * *
The damnation engulfs the hellion.
The hellion completely resists.
You thump the hellion! You freeze the hellion.
The hellion is heavily wounded.
The hellion gestures at you.
The sphere of damnation explodes!
The damnation engulfs you!!
You die...
Your body crumbles into a pile of gold.

# #. .# ## #.#
#.###
#..###....
#.2.#..# #@..#
##..#
###..######
#####. ........
.#. .#..#####.
... #..# .#
#.#.# #..#.##..
###.. #... ....
#...#.#.......#


You could see a hellion.

Vanquished Creatures
  The ghost of Dwachs the Fighter, a journeyman GnWn of Okawaru (D:8)
  4 boulder beetles (D:12)
  6 hydras
  4 centaur warriors
  4 two-headed ogres
  A death yak (D:8)
  A deep elf pyromancer (D:12)
  A lindwurm (Lair:1)
  A cyclops (D:12)
  A manticore (D:12)
  An orc knight (Bailey)
  2 elephants (Lair:1)
  3 cane toads (Lair:1)
  A large abomination (Abyss:2)
  A gargoyle (D:12)
  5 kobold demonologists (D:12)
  3 komodo dragons (D:8)
  2 freezing wraiths (D:12)
  A rime drake (Lair:1)
  3 trolls (D:12)
  A hornet (D:11)
  3 slime creatures (D:12)
  Grinder (D:5)
  A fire giant simulacrum (Abyss:2)
  A vampire (D:11)
  Sigmund (D:3)
  2 shadows (D:11)
  2 wyverns (Lair:1)
  2 wraiths (D:12)
  11 yaks
  4 basilisks
  5 vampire mosquitoes (D:12)
  Edmund (D:4)
  2 acid dragons
  4 water moccasins
  5 orc warriors (Bailey)
  A black bear (D:4)
  6 ogres
  2 necrophages
  2 centaurs (D:6)
  6 wolves (Lair:1)
  A phantom (D:5)
  Blork the orc (D:6)
  2 kobold brigands
  6 bullfrogs
  2 wyvern zombies (D:8)
  A water moccasin zombie (D:6)
  3 scorpions (D:6)
  5 killer bees
  7 wights
  4 howler monkeys (D:12)
  A bullfrog zombie (D:6)
  3 centaur zombies
  7 hounds
  2 orc priests
  A centaur skeleton (D:7)
  2 bullfrog skeletons
  An iguana (D:5)
  4 orc wizards
  A hell rat (D:8)
  A hound skeleton (D:5)
  3 gnolls
  6 adders
  A shadow imp (D:8)
  2 white imps
  An ufetubus (D:6)
  3 worms
  3 dart slugs
  22 orcs
  8 ball pythons
  7 endoplasms
  5 giant cockroaches
  9 goblins
  7 hobgoblins
  14 kobolds
  4 quokkas
  4 bats
  A frilled lizard (D:1)
  5 rats
269 creatures vanquished.

Vanquished Creatures (others)
  A killer bee (D:11)
  8 fungi (Lair:1)
  10 plants (Lair:1)
  8 toadstools (Lair:1)
27 creatures vanquished.

Grand Total: 296 creatures vanquished

Notes
Turn   | Place    | Note
-------+----------+-------------------------------------------
     0 | D:1      | Delamore the Gargoyle Fighter began the quest for the Orb.
     0 | D:1      | Reached XP level 1. HP: 14/14 MP: 1/1
   298 | D:1      | Found a faded altar of an unknown god.
   312 | D:1      | Became a worshipper of Zin the Law-Giver
   312 | D:1      | Reached * piety under Zin
   329 | D:1      | Reached XP level 2. HP: 19/19 MP: 2/2
   872 | D:1      | Reached XP level 3. HP: 22/24 MP: 3/3
  1335 | D:2      | Noticed Terence
  1848 | D:2      | Reached XP level 4. HP: 29/29 MP: 4/4
  2363 | D:3      | Noticed Sigmund
  2374 | D:3      | Killed Sigmund
  2375 | D:3      | Reached skill level 5 in Maces & Flails
  2375 | D:3      | Reached XP level 5. HP: 24/34 MP: 2/5
  2375 | D:3      | Reached XP level 6. HP: 28/40 MP: 2/6
  2662 | D:3      | Found a shimmering altar of Xom.
  2787 | D:3      | Reached ** piety under Zin
  3032 | D:3      | Identified a scroll of acquirement
  3032 | D:3      | Acquired 743 gold pieces
  3033 | D:3      | Reached *** piety under Zin
  3065 | D:2      | Reached skill level 5 in Fighting
  3085 | D:2      | Found a glowing golden altar of the Shining One.
  3388 | D:4      | Found a staircase to the Ecumenical Temple.
  3526 | Temple   | Entered the Ecumenical Temple
  3614 | Temple   | Fell from the grace of Zin
  3614 | Temple   | Became a worshipper of Gozag Ym Sagoz the Greedy
  3899 | D:4      | Reached XP level 7. HP: 22/44 MP: 7/7
  4127 | D:4      | Found a glowing golden altar of the Shining One.
  4128 | D:4      | Found a sparkling altar of Nemelex Xobeh.
  4128 | D:4      | Found a glowing silver altar of Zin.
  4133 | D:4      | Acquired a manual of Armour
  4388 | D:4      | Noticed Edmund
  4395 | D:4      | Killed Edmund
  4730 | D:5      | Entered Level 5 of the Dungeon
  4769 | D:5      | Reached skill level 5 in Armour
  4778 | D:5      | Noticed Grinder
  4957 | D:5      | Paralysed by Grinder for 2 turns
  4962 | D:5      | Killed Grinder
  4963 | D:5      | Reached XP level 8. HP: 21/49 MP: 8/8
  5775 | D:6      | Reached XP level 9. HP: 54/54 MP: 9/9
  5855 | D:6      | Noticed Blork the orc
  5865 | D:6      | Killed Blork the orc
  6107 | D:6      | Reached skill level 10 in Maces & Flails
  6162 | D:6      | Learned a level 3 spell: Lesser Beckoning
  6708 | D:7      | Acquired 630 gold pieces
  7155 | D:7      | Found a radiant altar of Vehumet.
  7460 | D:7      | Reached skill level 10 in Armour
  7839 | D:8      | Found a large runed translucent door.
  7839 | D:8      | Found a large runed translucent door.
  8015 | D:8      | Reached XP level 10. HP: 43/59 MP: 7/10
  8026 | D:8      | Reached skill level 5 in Shields
  8264 | D:8      | Found a staircase to the Lair.
  8490 | D:8      | Found a broken altar of Ashenzari.
  8680 | D:8      | Noticed Dwachs's ghost (journeyman GnWn)
  8767 | D:8      | Killed Dwachs's ghost
  8964 | Lair:1   | Entered Level 1 of the Lair of Beasts
  9026 | Lair:1   | Noticed a cane toad
  9034 | Lair:1   | Noticed a death yak
  9043 | Lair:1   | Killed a cane toad
  9330 | D:8      | Killed a death yak
  9730 | Lair:1   | Noticed a cane toad
  9748 | Lair:1   | Killed a cane toad
  9749 | Lair:1   | Reached XP level 11. HP: 62/63 MP: 11/11
  9781 | Lair:1   | Noticed a seven-headed hydra
  9799 | Lair:1   | Killed a seven-headed hydra
 10100 | Lair:1   | Noticed a lindwurm
 10100 | Lair:1   | Noticed a dire elephant
 10122 | Lair:1   | Found a runed translucent door.
 10896 | Lair:1   | HP: 1/63 [lindwurm/blast of flame (20)]
 10917 | Lair:1   | Killed a lindwurm
 11245 | D:9      | You fall into a shaft and drop 3 floors!
 11302 | D:12     | Noticed a manticore
 11349 | D:12     | Noticed a boulder beetle
 11353 | D:11     | Noticed a two-headed ogre
 11370 | D:12     | Killed a manticore
 11374 | D:12     | Killed a boulder beetle
 11376 | D:12     | Noticed a centaur warrior
 11380 | D:12     | Killed a centaur warrior
 11381 | D:12     | Reached skill level 15 in Maces & Flails
 11381 | D:12     | Reached skill level 10 in Shields
 11381 | D:12     | Reached XP level 12. HP: 36/68 MP: 12/12
 11466 | D:12     | Found a flagged portal.
 11523 | Bailey   | Entered a bailey
 12996 | Bailey   | Identified the +1 ring mail "Lahic" {Stlth+}
 13277 | D:12     | Acquired 1154 gold pieces
 13296 | D:12     | Bought the +0 helmet "Rummoxae" {Regen+ Dex-2 SInv} for 161
                  | gold pieces
 13314 | D:12     | Killed a two-headed ogre
 13387 | D:11     | Noticed a two-headed ogre
 13394 | D:11     | Killed a two-headed ogre
 13400 | D:11     | Noticed an eight-headed hydra
 13426 | D:11     | Noticed a six-headed hydra
 13439 | D:12     | Killed an eight-headed hydra
 13459 | D:11     | Noticed a centaur warrior
 13469 | D:12     | Gained mutation: You do not regenerate when monsters are
                  | visible. [a neqoxec]
 13481 | D:12     | Killed a six-headed hydra
 13622 | D:12     | Killed a centaur warrior
 13657 | D:12     | HP: 3/68 [freezing wraith (1)]
 13687 | D:11     | Noticed a centaur warrior
 13690 | D:11     | Noticed a two-headed ogre
 13695 | D:11     | Noticed an ogre mage
 13870 | D:12     | Reached skill level 1 in Evocations
 13870 | D:12     | Reached XP level 13. HP: 49/72 MP: 11/13
 13927 | D:11     | Identified the +12 morningstar of Eternal Vigilance
                  | {vorpal, rF+ rN+ Str-2}
 14907 | D:11     | Identified the ring "Fuheigyb" {rPois Will+ Dex+5}
 15062 | D:12     | Reached skill level 5 in Evocations
 15078 | D:11     | Cast into level 2 of the Abyss (a wizard)
 15125 | Abyss:2  | Reached skill level 15 in Shields
 15219 | Abyss:2  | Killed from afar by a hellion

Illustrated notes

Levels and vault maps discovered:
D:1:      evilmike_arrival_rings, layout_loops_ring,
          shapermc_ecumenical_altar_notcrosses
D:2:      layout_loops_ring, basic_altar, uniq_terence
D:3:      layout_loops_ring, xom_teletrap_fun, uniq_sigmund
D:4:      layout_loops_ring, chequers_temple_overflow_statue_of_worship,
          minmay_temple_entry_mini_moons, uniq_edmund
D:5:      layout_cave_pools, corexii_leaking_fountain, uniq_grinder
D:6:      layout_basic, uniq_blork_the_orc
D:7:      layout_cave_pools, vehumet_crystals, minmay_misc_feat_tiny
D:8:      layout_basic, lemuel_tele_altar, erik_lair_dragon,
          ebering_ghost_disaster_area, fungi_pond_lemuel
D:9:      cheibrodos_elevator_heist, layout_irregular_city, serial_shops,
          shop_statue, amethyst_killhole, uniq_maurice
D:11:     minmay_the_grid_square_5x5_5x5 [minmay_the_grid_square_5x5_shuriken,
          minmay_the_grid_square_5x5_comb, minmay_the_grid_square_5x5_meh,
          minmay_the_grid_square_5x5_minimal,
          minmay_the_grid_square_5x5_gyroscope,
          minmay_the_grid_square_5x5_inverted_slash,
          minmay_the_grid_square_5x5_prize_waves,
          minmay_the_grid_square_5x5_intrusive_squares,
          minmay_the_grid_square_5x5_prize_deathbox,
          minmay_the_grid_square_5x5_eight_small,
          minmay_the_grid_square_5x5_shrine2,
          minmay_the_grid_square_5x5_longway,
          minmay_the_grid_square_5x5_prize_gold,
          minmay_the_grid_square_5x5_bracketed, minmay_the_grid_square_5x5_c,
          minmay_the_grid_square_5x5_corner,
          minmay_the_grid_square_5x5_prize_junk,
          minmay_the_grid_square_5x5_minibox,
          minmay_the_grid_square_5x5_prize_pseudospiral,
          minmay_the_grid_square_5x5_n,
          minmay_the_grid_square_5x5_sharp_hourglass,
          minmay_the_grid_square_5x5_checkered,
          minmay_the_grid_square_5x5_one_wall, minmay_the_grid_square_5x5_bite,
          minmay_the_grid_square_5x5_fancy_junction], layout_cave_pools
D:12:     layout_loops_ring, enter_bailey_3, minmay_misc_feat_more_columns
Temple:   eino_temple_scatter_basement
Lair:1:   gammafunk_lair_enchanted_lake, layout_gridlike
Abyss:2:  base: D:3, evilmike_abyss_exit_11

Skill      XL: |  1  2  3  4  5  6  7  8  9 10 11 12 13 |
---------------+----------------------------------------+-----
Maces & Flails | 3 5 6 8 9 11 13 15 | 15.0
Fighting       | 4 5 |  5.0
Armour         | 6 8 10 | 10.0
Shields        | 4 7 10 13 15 | 15.0
Evocations     | 1 5 |  5.3

Action                   |  1- 3 |  4- 6 |  7- 9 | 10-12 | 13-15 || total
-------------------------+-------+-------+-------+-------+-------++-------
Melee: Flail             |   125 |   117 |   337 |   829 |   285 ||  1693
Throw: Boomerang         |       |       |       |    56 |       ||    56
       Dart              |       |       |       |    46 |       ||    46
       Throwing net      |       |       |       |     2 |       ||     2
Invok: Call Merchant     |       |       |     2 |     2 |       ||     4
       Potion Petition   |       |       |       |     2 |     2 ||     4
Evoke: Wand              |       |       |       |    13 |       ||    13
  Use: Scroll            |     2 |     3 |     4 |    10 |     1 ||    20
       Potion            |       |     1 |       |     7 |       ||     8
 Stab: Distracted        |       |       |     1 |       |       ||     1
       Invisible         |       |       |       |     5 |       ||     5
Armor: Scale mail        |    70 |    14 |       |       |       ||    84
       Chain mail        |       |    33 |   306 |   402 |       ||   741
       Ice dragon scales |       |       |       |   264 |   245 ||   509
       Ring mail         |       |       |       |     1 |       ||     1
Dodge: Dodged            |    41 |    35 |    98 |   291 |   137 ||   602
Block: Kite shield       |    78 |    55 |   234 |   655 |   234 ||  1256
